 Dungeon Crawl Stone Soup version 0.32-a0-20-ge526923d97 (webtiles) character file.

Game seed: 4790635742246505994

1260 jasper the Carver (level 8, -1/67 HPs)
             Began as an Armataur Warper on Jan 17, 2024.
             Succumbed to a water moccasin's poison
             ... on level 6 of the Dungeon.
             The game lasted 00:10:01 (5140 turns).

jasper the Carver (Armataur Warper)                 Turns: 5140, Time: 00:10:01

Health: -1/67      AC:  7    Str: 16    XL:     8   Next: 27%
Magic:  10/10      EV:  9    Int: 13    God:
Gold:   1365       SH:  0    Dex: 13    Spells: 3/10 levels left

rFire   + . .        a - +1 falchion
rCold   + . .        (no shield)
rNeg    + . .        b - +0 leather armour
rPois   +            (no helmet)
rElec   +            s - +0 cloak
rCorr   +            l - +1 pair of gloves
SInv    .            (no barding)
Will    .....        (no amulet)
Stlth   +            o - ring of flight
HPRegen 0.31/turn    j - ring of positive energy
MPRegen 0.12/turn

%: roll
@: lethally poisoned (-1 -> -20), resistant, flying
A: large, deformed body, tough skin 3, armoured tail, roll 2, robust 1,
MP-powered wands
a: no special abilities


You were on level 6 of the Dungeon.
You visited 1 branch of the dungeon, and saw 6 of its levels.
You also visited: Sewer.

You collected 1365 gold pieces.

Inventory:

Hand Weapons
 a - a +1 falchion (weapon)
Missiles
 d - 6 darts of dispersal
 h - 24 stones
 n - 20 poisoned darts (quivered)
Armour
 b - a +0 leather armour (worn)
 l - a +1 pair of gloves (worn)
 s - a +0 cloak (worn)
Jewellery
 j - a ring of positive energy (right hand)
 o - a ring of flight (left hand)
Talismans
 m - a beast talisman
Wands
 k - a wand of flame (26)
 q - a wand of polymorph (3)
 r - a wand of charming (3)
Scrolls
 f - a scroll of fog {unknown}
 i - a scroll of butterflies
 p - 2 scrolls of teleportation
 t - a scroll of identify
Potions
 e - a potion of degeneration {unknown}
 g - 2 potions of cancellation


   Skills:
 + Level 2.2 Fighting
 * Level 9.1 Long Blades
 - Level 0.8 Throwing
 - Level 1.2 Armour
 - Level 1.3 Dodging
 - Level 1.7 Spellcasting
 + Level 3.3 Translocations


You had 3 spell levels left.
You knew the following spells:

 Your Spells              Type           Power      Damage    Failure   Level
a - Blink                 Tloc           18%        N/A       12%         2
b - Lesser Beckoning      Tloc           18%        N/A       12%         2
c - Teleport Other        Tloc           9%         N/A       24%         3

Your spell library contained the following spells:

 Spells                   Type           Power      Damage    Failure   Level
 Freeze                   Ice            4%         1d3       32%         1
 Sandblast                Erth           2%         2d4       32%         1
 Frozen Ramparts          Ice            2%         1d1       67%         3
 Hailstorm                Conj/Ice       1%         3d5       67%         3
 Passwall                 Erth           1%         N/A       67%         3
 Stone Arrow              Conj/Erth      2%         3d7       67%         3
 Manifold Assault         Tloc           9%         N/A       63%         4
 Vhi's Electric Charge    Tloc/Air       10%        N/A       85%         4
 Brom's Barrelling Bould  Conj/Erth      1%         2d3       97%         4


Dungeon Overview and Level Annotations

Branches:
Dungeon (6/15)              Sewer (visited)
 Temple: D:4-7

Altars:
Hepliaklqana
Makhleb
Okawaru
Qazlal
Sif Muna
Yredelemnul
Zin
The Shining One


Innate Abilities, Weirdness & Mutations

Armour fits poorly on your strangely shaped body.
You have extremely tough skin. (AC +3)
You have a long armoured tail.
You regenerate magic and health when rolling toward enemies. (Rampage Regen)
You are robust. (+10% HP)
You expend magic power (3 MP) to strengthen your wands.


Message History

The water moccasin bites you.
You take 10 damage, and have 27/67 hp.
You hit the water moccasin.
The water moccasin is severely wounded.
You feel very sick.
The water moccasin bites you but does no damage.
You take 3 damage, and have 24/67 hp.
You closely miss the water moccasin.
Your tail-slap misses the water moccasin.
The water moccasin is severely wounded.
You feel very sick. The water moccasin barely misses you.
You take 3 damage, and have 21/67 hp.
You hit the water moccasin.
The water moccasin is severely wounded.
You feel sick.
The water moccasin bites you but does no damage. x2
You take 1 damage, and have 20/67 hp.
Okay, then.
You feel protected.
You feel sick. The water moccasin barely misses you.
You take 2 damage, and have 18/67 hp.
You hit the water moccasin but do no damage.
Your punch misses the water moccasin.
The water moccasin is severely wounded.
You feel sick. The water moccasin bites you.
* * * LOW HITPOINT WARNING * * *
You are lethally poisoned!
The water moccasin poisons you!
You take 6 damage, and have 12/67 hp.
You closely miss the water moccasin. You tail-slap the water moccasin.
The water moccasin is almost dead.
* * * LOW HITPOINT WARNING * * *
You feel very sick. The water moccasin bites you.
* * * LOW HITPOINT WARNING * * *
You take 10 damage, and have 2/67 hp.
You barely miss the water moccasin.
The water moccasin is almost dead.
You die...

########....#.#
###.........#.#######
....####............#
##..####.#.###.####.#
....#......###.###
#................#
..........####.#.#
.#.##<.##~## #.#.##.#
....#..#.≈≈###..@S..#
.##.#..#≈.≈≈####.....#
.##.#..#≈.#≈## #.....#
......≈≈~[.≈≈# #.....#
....#####..#≈# ##...##
##...###.≈..≈### #.##
.......#≈~.....## .#
..#.##.≈~....#..# ..
....##.≈......≈##


You could see a water moccasin.

Vanquished Creatures
  Prince Ribbit (D:5)
  An ice beast (D:6)
  A black bear (D:6)
  A centaur (D:6)
  A phantom (D:4)
  3 kobold brigands (Sewer)
  A scorpion (D:4)
  A bullfrog (D:6)
  A bombardier beetle (D:4)
  An orc priest (D:6)
  A hound (D:5)
  A jelly (D:5)
  Ijyb (D:5)
  2 iguanas
  A gnoll (D:5)
  A river rat (D:4)
  5 adders
  A shadow imp (D:6)
  2 ufetubi (D:6)
  4 dart slugs
  3 ribbon worms
  5 orcs
  4 ball pythons
  6 endoplasms
  7 giant cockroaches
  5 hobgoblins
  9 jackals
  2 quokkas
  5 bats
  6 frilled lizards
  3 goblins
  13 kobolds
  6 rats
105 creatures vanquished.

Notes
Turn   | Place    | Note
-------+----------+-------------------------------------------
     0 | D:1      | jasper the Armataur Warper began the quest for the Orb.
     0 | D:1      | Reached XP level 1. HP: 17/17 MP: 3/3
    74 | D:1      | Reached skill level 2 in Long Blades
   172 | D:1      | Reached XP level 2. HP: 24/24 MP: 4/4
   330 | D:1      | Learned a level 2 spell: Blink
   333 | D:1      | Learned a level 2 spell: Lesser Beckoning
   439 | D:1      | Reached skill level 3 in Long Blades
   781 | D:1      | Reached XP level 3. HP: 29/29 MP: 5/5
  1343 | D:2      | Found a hazy altar of Hepliaklqana.
  1691 | D:2      | Reached skill level 4 in Long Blades
  1691 | D:2      | Reached XP level 4. HP: 21/36 MP: 6/6
  2049 | D:3      | Found a glowing silver altar of Zin.
  2116 | D:3      | Found a shimmering blue altar of Sif Muna.
  2117 | D:3      | Found an iron altar of Okawaru.
  2118 | D:3      | Found a stormy altar of Qazlal.
  2806 | D:3      | Identified a scroll of acquirement
  2806 | D:3      | Acquired 1067 gold pieces
  2963 | D:4      | Noticed a scorpion
  2970 | D:4      | Killed a scorpion
  2971 | D:4      | Reached skill level 5 in Long Blades
  2971 | D:4      | Reached XP level 5. HP: 39/41 MP: 7/7
  3214 | D:4      | Found a hazy altar of Hepliaklqana.
  3281 | D:4      | Noticed a phantom
  3291 | D:4      | Killed a phantom
  3292 | D:4      | Reached XP level 6. HP: 39/48 MP: 8/8
  3471 | D:4      | Reached skill level 6 in Long Blades
  3476 | D:4      | Found a glowing drain.
  3483 | Sewer    | Entered a sewer
  3824 | Sewer    | Reached skill level 7 in Long Blades
  3824 | Sewer    | Gained mutation: You regenerate magic and health when
                  | rolling toward enemies. (Rampage Regen) [Armataur growth]
  3824 | Sewer    | Reached XP level 7. HP: 45/53 MP: 9/9
  3838 | D:4      | HP: 1/53 [poisoned by a kobold brigand (curare-tipped
                  | dart)]
  4186 | D:5      | Entered Level 5 of the Dungeon
  4208 | D:5      | Found a basalt altar of Yredelemnul.
  4208 | D:5      | Noticed Prince Ribbit
  4235 | D:5      | Killed Prince Ribbit
  4456 | D:5      | Noticed Ijyb
  4472 | D:5      | Killed Ijyb
  4473 | D:5      | Reached skill level 8 in Long Blades
  4489 | D:5      | Learned a level 3 spell: Teleport Other
  4579 | D:5      | Found a glowing golden altar of the Shining One.
  4617 | D:6      | HP: 2/53 [bullfrog (4)]
  4648 | D:6      | Gained mutation: You expend magic power (3 MP) to
                  | strengthen your wands. [potion of mutation]
  4648 | D:6      | Gained mutation: You are robust. (+10% HP) [potion of
                  | mutation]
  4690 | D:6      | Found a burning altar of Makhleb.
  4702 | D:6      | Reached XP level 8. HP: 63/66 MP: 10/10
  4832 | D:6      | Reached skill level 9 in Long Blades
  5039 | D:6      | Noticed a balrug
  5139 | D:6      | HP: 2/67 [water moccasin (6)]
  5140 | D:6      | Succumbed to a water moccasin's poison

Illustrated notes

Levels and vault maps discovered:
D:1:      reono_arrival_forest_river, layout_basic
D:2:      layout_loops_corners, basic_altar
D:3:      layout_basic, mainiacjoe_overflow_concentric_impassable,
          chequers_temple_overflow_statue_of_worship, grunt_decor_mini_mirrors,
          grunt_decor_cap, minivault_26, kennysheep_nub
D:4:      layout_loops_ring, kennysheep_mini,
          mainiacjoe_sewer_entry_somewhere_in_here_1
D:5:      layout_loops_ring, mainiacjoe_overflow_tiny_flanked,
          amcnicky_altar_gilded, serial_shops, nicolae_stop_n_shop_1, uniq_ijyb,
          uniq_prince_ribbit1
D:6:      layout_loops_cross, makhleb_altar_promises_db,
          fedhas_altar_fruit_tree, minmay_temple_entry_nine_rooms,
          chequers_serial_rivers_small_b, uniq_jeremiah

Skill      XL: |  1  2  3  4  5  6  7  8 |
---------------+-------------------------+-----
Long Blades    | 2 3 4 5 7 8 9 |  9.1
Fighting       | 2 |  2.2
Throwing       | |  0.8
Armour         | |  1.2
Dodging        | |  1.3
Spellcasting   | |  1.7
Translocations | |  3.3

Action                     |  1- 3 |  4- 6 |  7- 9 || total
---------------------------+-------+-------+-------++-------
  Melee: Falchion          |   133 |   165 |   156 ||   454
         Tailslap          |    14 |    20 |    23 ||    57
         Punch             |     1 |     1 |       ||     2
         Unarmed           |       |       |    12 ||    12
  Throw: Dart              |     1 |     7 |    14 ||    22
    Use: Scroll            |     5 |     4 |     3 ||    12
         Potion            |       |     3 |     5 ||     8
 Armour: Leather armour    |    92 |   123 |   157 ||   372
         Skin              |       |       |    12 ||    12
  Dodge: Dodged            |    61 |    75 |    70 ||   206

Table legend: (Time is in decaauts)
 A = Elapsed time spent in this place.
 B = Non-inter-level travel time spent in this place.
 C = Inter-level travel time spent in this place.
 D = Time resting spent in this place.
 E = Time spent auto-exploring this place.
 F = Levels seen in this place.
 G = Mean time per level.
                   A        B        C        D        E       F      G
               +--------+--------+--------+--------+--------+-----+--------+
         Total |   5128 |   5007 |    121 |    314 |   3611 |   7 |  732.6 |
       Dungeon |   4775 |   4654 |    121 |    282 |   3424 |   6 |  795.8 |
         Sewer |    353 |    353 |      0 |     32 |    187 |   1 |  353.0 |
               +--------+--------+--------+--------+--------+-----+--------+

Top non-repeatable levels by time:
     D:2: 1150 daAuts
     D:4: 992 daAuts
     D:1: 866 daAuts
     D:3: 852 daAuts
     D:6: 492 daAuts
     D:5: 422 daAuts
   Sewer: 353 daAuts
